 Dungeon Crawl Stone Soup version 0.18.1-5-g4a78601 (webtiles) character file.

70 HungrySpirit the Ducker (level 4, 0/27 HPs)
             Began as a Halfling Wizard on May 11, 2016.
             Succumbed to an adder's poison
             ... on level 2 of the Dungeon.
             The game lasted 00:05:08 (1722 turns).

HungrySpirit the Ducker (Halfling Wizard)           Turns: 1722, Time: 00:05:09

Health: 0/27       AC:  3    Str:  7    XL:     4   Next: 44%
Magic:  7/7        EV: 15    Int: 17    God:
Gold:   103        SH:  0    Dex: 13    Spells: 1 memorised, 6 levels left

rFire  . . .     SeeInvis .     a - +2 dagger (freeze)
rCold  . . .     Gourm    .     e - +0 leather armour
rNeg   . . .     Faith    .     (shield restricted)
rPois  .         Spirit   .     b - +0 hat
rElec  .         Dismiss  .     (no cloak)
rCorr  .         Reflect  .     (no gloves)
SustAt .         Harm     .     (no boots)
MR     .....                    (no amulet)
Stlth  ++........               (no ring)
                                (no ring)

@: lethally poisoned (0 -> -4), not resistant to hostile enchantments,
unstealthy
A: mutation resistance 1
a: no special abilities


You were on level 2 of the Dungeon.
You were hungry.

You visited 1 branch of the dungeon, and saw 2 of its levels.

You collected 103 gold pieces.

Inventory:

Hand Weapons
 a - a +2 dagger of freezing (weapon)
 k - a +0 short sword
Missiles
 j - 7 tomahawks (quivered)
Armour
 b - a +0 hat (worn)
 e - a +0 leather armour (worn)
Scrolls
 g - 2 scrolls of teleportation {unknown}
 h - a scroll of immolation {unknown}
 i - a scroll of recharging
 l - a scroll of blinking {unknown}
 m - a scroll of remove curse {unknown}
Books
 c - a book of Minor Magic

   Spells                             Type                      Level
   a - Magic Dart                     Conjuration                  1
   b - Blink                          Translocation                2
   c - Call Imp                       Summoning                    2
   d - Repel Missiles                 Charms/Air                   2
   e - Slow                           Hexes                        2
   f - Conjure Flame                  Conjuration/Fire             3
   g - Mephitic Cloud                 Conjuration/Poison/Air       3
Comestibles
 d - a bread ration
 f - a beef jerky


   Skills:
 * Level 3.0 Short Blades
 + Level 3.5 Dodging
 + Level 2.8 Stealth
 - Level 2.4 Spellcasting
 - Level 0.7 Conjurations
   Level 0.8 Summonings
   Level 1.1 Translocations


You had 6 spell levels left.
You knew the following spells:

 Your Spells              Type           Power        Failure   Level  Hunger
a - Magic Dart            Conj           #...         24%         1    #......


Dungeon Overview and Level Annotations

Branches:
Dungeon (2/15)

Altars:


Innate Abilities, Weirdness & Mutations

You are small and have problems with some larger weapons.
You are somewhat resistant to further mutation.


Message History

* * * LOW HITPOINT WARNING * * *
Unknown command.
You aren't carrying any potions.
Unknown command.
Read which item? (? for menu, Esc to quit)
Okay, then.
* * * LOW HITPOINT WARNING * * *
You feel sick.
Unknown command.
Unknown command.
Unknown command.
* * * LOW HITPOINT WARNING * * *
You feel sick.
Unknown command.
Unknown command.
Read which item? (? for menu, Esc to quit)
As you read the scroll labeled GITHRU CAQOGU, it crumbles to dust.
It is a scroll of recharging.
You aren't carrying any rechargeable items.
You die...

..####.....
#.)...###...
.........####...†.#
...#
.................##
....
..........[......####
#..
....................#
..
#.............#.....#
............###..gg.#
............# #.....#
............# #.@...#
..#######...# #.....#
..# ##### ####### ..#
..# ###


You could see a hobgoblin and a goblin.

Vanquished Creatures
  2 adders (D:2)
  A dart slug (D:2)
  2 giant cockroaches
  4 hobgoblins (D:1)
  5 jackals (D:1)
  A ball python (D:1)
  8 bats
  7 goblins
  7 kobolds
  9 rats
46 creatures vanquished.

Notes
Turn   | Place    | Note
--------------------------------------------------------------
     0 | D:1      | HungrySpirit the Halfling Wizard began the quest for the Orb.
     0 | D:1      | Reached XP level 1. HP: 11/11 MP: 3/3
   291 | D:1      | Reached XP level 2. HP: 17/17 MP: 5/5
   328 | D:1      | Reached skill level 1 in Short Blades
   707 | D:1      | Reached XP level 3. HP: 18/21 MP: 6/6
  1348 | D:2      | Reached XP level 4. HP: 9/27 MP: 5/7
  1719 | D:2      | HP: 1/27 [poisoned by an adder]
  1722 | D:2      | Succumbed to an adder's poison

Skill      XL: |  1  2  3  4 |
---------------+-------------+-----
Short Blades   | 1 2 3 |  3.0
Dodging        | 3 |  3.5
Stealth        | |  2.8
Spellcasting   | |  2.4
Conjurations   | |  0.7
Summonings     | |  0.8
Translocations | |  1.1

Action                   |  1- 3 |  4- 6 || total
-------------------------+-------+-------++-------
Melee: Unarmed           |    27 |       ||    27
       Dagger            |    96 |    18 ||   114
Throw: Tomahawk          |     4 |     5 ||     9
 Cast: Magic Dart        |     6 |       ||     6
  Use: Scroll            |       |     1 ||     1
 Stab: Sleeping          |     9 |     1 ||    10
  Eat: Chunk             |     1 |     1 ||     2
Armor: Leather armour    |    34 |     1 ||    35
Dodge: Dodged            |   115 |    12 ||   127
